Map: 普列昂台地

Players

Sen - Winner!

  • Race: Zerg Zerg
  • League: Master

Rex

  • Race: Zerg Zerg
  • League: Grandmaster

Event: 2016 WCS Winter Challenger Taiwan

VOD

Have the link to the VOD?

Description

Time

  • Played on: Jan. 7, 2016, 6:09 a.m.
  • Length: 16:14

All games in this series

Show
View Real Time Build Order
Export as new Build Order

Sen Zerg - Winner!

Build Orders: Hatch First, Lurkers 

Get SALT Encoding   

  12  0:00  Drone  
  13  0:08  Drone  
  14  0:18  Overlord  
  14  0:25  Drone, Extractor  
  15  0:36  Drone x2  
  17  0:46  Drone  
  18  0:57  Drone  
  18  1:01  Hatchery  
  18  1:06  Drone  
  19  1:11  Extractor  
  19  1:16  Drone  
  19  1:21  Spawning Pool  
  18  1:26  Drone  
  19  1:38  Drone  
  20  1:47  Overlord  
  20  2:01  Drone  
  21  2:09  Queen  
  21  2:10  Zergling x2  
  21  2:13  Metabolic Boost, Queen  
  21  2:15  Drone  
  27  2:25  Roach Warren  
  27  2:29  Drone  
  27  2:31  Drone  
  27  2:35  Drone  
  29  2:39  Overlord  
  29  2:48  Overlord  
  29  3:00  Drone, Extractor  
  29  3:12  Roach x3  
  36  3:13  Roach  
  36  3:17  Drone x3  
  36  3:18  Overlord  
  39  3:23  Roach x3  
  45  3:43  Drone  
  45  3:44  Drone x3  
  45  3:45  Lair  
  45  3:46  Extractor  
  48  3:49  Evolution Chamber  
  48  3:51  Drone  
  48  3:53  Drone  
  48  3:54  Drone  
  48  3:55  Drone x4  
  52  3:57  Drone  
  52  4:02  Drone  
  56  4:06  Overlord  
  56  4:17  Overlord  
  56  4:20  Hatchery  
  56  4:21  Zerg Missile Weapons Level 1  
  55  4:29  Drone, Extractor  
  55  4:30  Drone x3  
  58  4:31  Roach  
  58  4:33  Roach  
  58  4:37  Roach  
  64  4:40  Roach x2  
  68  4:48  Roach x3  
  74  5:00  Overlord  
  74  5:03  Glial Reconstitution  
  74  5:05  Overlord  
  74  5:06  Queen  
  76  5:12  Overlord  
  76  5:23  Drone x3  
  76  5:25  Overseer  
  79  5:29  Overlord  
  79  5:34  Roach  
  79  5:35  Roach x4  
  89  5:42  Ravager x3  
  91  5:46  Spine Crawler, Drone x2  
  92  5:51  Roach x2  
  96  5:59  Roach x3  
  96  6:03  Roach  
  96  6:04  Roach  
  106  6:06  Roach x2  
  110  6:14  Roach x2  
  110  6:15  Overlord  
  114  6:19  Overlord  
  114  6:21  Roach x2  
  114  6:27  Zerg Missile Weapons Level 2  
  114  6:32  Overlord  
  114  6:33  Evolution Chamber  
  114  6:37  Ravager x2  
  113  6:47  Roach x8  
  123  7:01  Roach  
  123  7:02  Roach x6  
  129  7:13  Roach x5  
  98  7:25  Roach x5  
  98  7:27  Extractor  
  101  7:32  Ravager  
  103  7:37  Drone  
  103  7:42  Hatchery  
  100  7:49  Drone  
  101  7:52  Extractor, Queen  
  101  7:54  Zerg Ground Armor Level 1  
  102  7:58  Overseer  
  102  8:01  Roach x4  
  110  8:07  Drone  
  110  8:10  Overlord x2  
  111  8:15  Roach x5  
  111  8:19  Ravager  
  122  8:23  Roach x3  
  128  8:36  Roach x6  
  128  8:38  Ravager  
  128  8:39  Overlord  
  141  8:44  Roach x2  
  145  8:48  Drone  
  145  8:49  Drone x2  
  148  8:56  Ravager  
  149  9:06  Drone x2  
  149  9:07  Overlord x2  
  149  9:09  Ravager x4  
  156  9:10  Ravager  
  156  9:21  Roach  
  156  9:22  Roach x3  
  164  9:33  Roach x5  
  174  9:48  Roach x4  
  174  9:49  Roach  
  184  9:53  Burrow  
  178  10:06  Roach  
  178  10:07  Roach x7  
  178  10:10  Roach  
  169  10:15  Roach x2  
  171  10:23  Ravager x4  
  171  10:24  Overlord x2, Ravager  
  176  10:37  Zerg Ground Armor Level 2, Hydralisk Den  
  176  10:42  Overlord, Drone x2  
  177  10:43  Extractor  
  176  11:07  Drone x3  
  176  11:09  Drone x3  
  176  11:10  Lurker Den, Extractor  
  181  11:14  Hatchery  
  180  11:22  Overseer  
  180  11:36  Hydralisk x2  
  180  11:37  Hydralisk x3  
  190  11:42  Drone x2  
  190  11:44  Ravager x2  
  190  11:45  Ravager x2  
  196  11:49  Roach x2  
  198  12:01  Ravager  
  153  12:17  Roach x12  
  153  12:18  Roach x3  
  153  12:22  Roach x2  
  142  12:25  Roach  
  113  12:30  Roach x2  
  97  12:46  Hydralisk  
  97  12:47  Hydralisk x3  
  105  12:55  Ravager x2  
  105  12:56  Ravager x3  
  110  13:18  Lurker  
  110  13:19  Lurker x3  
  114  13:25  Drone x3  
  117  13:27  Drone x3  
  117  13:32  Ravager x4  
  130  13:34  Roach x7  
  132  13:51  Overlord, Overseer  
  130  13:56  Roach x12  
  154  14:09  Roach x3  
  166  14:10  Roach x3  
  166  14:20  Spine Crawler  
  166  14:21  Ravager  
  166  14:22  Ravager x3  
  167  14:36  Roach x6  
  167  14:37  Roach  
  180  14:42  Roach x3  
  164  14:58  Roach  
  164  14:59  Roach x5  
  123  15:07  Roach x3  
  123  15:09  Roach  
  123  15:17  Roach  
  123  15:18  Roach x2  
  127  15:27  Roach x3  
  130  15:39  Roach x5  
  130  15:41  Roach  
  110  16:00  Ravager  
Show
View Real Time Build Order
Export as new Build Order

Rex Zerg 

Build Orders: Hatch First 

Get SALT Encoding   

  12  0:03  Drone  
  13  0:08  Drone  
  14  0:18  Overlord  
  14  0:24  Drone, Extractor  
  15  0:36  Drone  
  15  0:37  Drone  
  17  0:53  Hatchery  
  17  0:56  Drone  
  17  0:58  Drone  
  18  1:07  Extractor  
  17  1:14  Spawning Pool  
  17  1:17  Drone  
  17  1:20  Drone  
  18  1:32  Drone  
  19  1:39  Overlord  
  19  1:51  Drone  
  20  2:00  Queen  
  22  2:01  Drone  
  22  2:08  Queen  
  25  2:09  Zergling x2  
  25  2:10  Metabolic Boost  
  25  2:12  Drone  
  27  2:15  Drone  
  28  2:23  Drone  
  28  2:26  Drone  
  30  2:33  Drone  
  30  2:36  Baneling Nest  
  30  2:40  Drone  
  31  2:48  Overlord, Zergling x2  
  32  2:55  Drone  
  33  2:59  Drone  
  34  3:06  Drone  
  34  3:09  Drone x3  
  34  3:10  Roach Warren  
  37  3:13  Drone  
  37  3:17  Overlord  
  38  3:22  Overlord  
  38  3:23  Drone  
  38  3:24  Drone x2, Extractor  
  40  3:29  Overlord  
  40  3:30  Baneling x2  
  40  3:36  Spine Crawler  
  39  3:44  Zergling x4  
  39  3:45  Drone x3, Zergling x2  
  45  3:52  Drone x2  
  45  3:54  Drone  
  48  3:55  Drone  
  48  4:00  Roach  
  50  4:08  Hatchery  
  49  4:12  Roach  
  49  4:13  Roach  
  53  4:19  Evolution Chamber  
  53  4:20  Roach  
  54  4:25  Lair  
  54  4:27  Drone x2  
  56  4:33  Drone x2  
  56  4:34  Drone x2  
  56  4:36  Overlord  
  60  4:39  Roach  
  60  4:43  Roach  
  60  4:44  Extractor  
  63  4:45  Zerg Missile Weapons Level 1  
  63  4:48  Roach  
  63  4:51  Roach  
  66  4:55  Roach  
  66  4:57  Roach  
  66  4:58  Roach  
  71  5:00  Roach  
  71  5:02  Roach  
  75  5:07  Overlord  
  75  5:13  Baneling x2  
  74  5:15  Roach  
  74  5:16  Overlord x2  
  74  5:21  Queen  
  76  5:26  Roach  
  76  5:27  Roach  
  82  5:30  Glial Reconstitution  
  82  5:33  Drone  
  82  5:34  Drone  
  84  5:38  Drone x2  
  84  5:40  Drone x2  
  87  5:43  Drone x3  
  87  5:45  Drone  
  87  5:48  Drone x2, Extractor  
  92  5:50  Drone  
  93  5:58  Overseer  
  93  6:01  Roach x3  
  93  6:02  Roach  
  93  6:03  Roach  
  103  6:05  Roach  
  103  6:10  Overlord  
  103  6:11  Overlord  
  105  6:12  Overlord  
  105  6:15  Overlord  
  105  6:21  Extractor  
  104  6:27  Ravager x2  
  104  6:28  Overlord  
  104  6:29  Overlord  
  104  6:30  Roach x6  
  118  6:35  Zergling x2  
  118  6:36  Zergling x6  
  122  6:42  Zergling x4, Roach x2  
  125  6:51  Roach x3  
  128  6:57  Roach x2  
  128  7:01  Roach x2  
  125  7:02  Roach  
  125  7:03  Roach x2  
  119  7:09  Roach  
  119  7:10  Roach x2  
  119  7:12  Roach x2  
  119  7:14  Roach x2  
  125  7:17  Roach  
  125  7:19  Roach  
  125  7:22  Roach  
  121  7:25  Roach  
  121  7:27  Roach  
  121  7:29  Queen  
  127  7:30  Roach  
  127  7:33  Ravager  
  127  7:37  Roach  
  132  7:41  Roach  
  132  7:42  Drone  
  135  7:44  Extractor  
  135  7:46  Roach x2  
  135  7:47  Roach  
  135  7:48  Roach  
  142  7:55  Roach  
  142  7:56  Roach x3  
  150  7:59  Roach  
  150  8:03  Roach  
  154  8:15  Overlord x3  
  154  8:23  Overlord  
  154  8:31  Zerg Missile Weapons Level 2  
  154  8:32  Overlord  
  154  8:36  Ravager x3  
  154  8:39  Roach x3  
  154  8:40  Roach  
  165  8:43  Roach  
  165  8:44  Hatchery  
  165  8:47  Roach x3  
  172  8:52  Roach x2  
  176  8:56  Overlord  
  176  8:57  Roach x3  
  182  9:02  Extractor  
  182  9:03  Drone x3  
  182  9:04  Roach  
  182  9:07  Overseer  
  186  9:12  Ravager  
  186  9:14  Ravager  
  188  9:18  Roach x2  
  188  9:23  Roach x3  
  198  9:30  Roach  
  198  10:04  Roach  
  198  10:05  Roach x7  
  200  10:27  Overseer  
  200  10:28  Pneumatized Carapace  
  200  10:34  Spore Crawler  
  200  10:35  Spore Crawler x3  
  197  10:36  Spore Crawler  
  197  10:37  Zergling x18, Spore Crawler x4  
  197  10:40  Spore Crawler  
  197  10:41  Zergling x2, Spore Crawler x2  
  197  10:42  Zergling x4  
  212  10:51  Overseer x2  
  212  10:53  Overlord x3  
  212  10:56  Baneling  
  212  10:57  Baneling x17  
  212  10:58  Overlord  
  212  11:01  Baneling  
  212  11:02  Baneling x5  
  212  11:04  Zerg Ground Armor Level 1  
  212  11:12  Spine Crawler  
  212  11:14  Spine Crawler x3  
  208  11:20  Overlord x2  
  208  11:27  Overlord, Infestation Pit  
  205  11:57  Overlord  
  146  12:17  Roach  
  146  12:18  Roach x18  
  155  12:26  Roach  
  155  12:27  Roach x8  
  148  12:36  Burrow  
  145  12:46  Roach  
  145  12:47  Roach x4  
  146  12:52  Ravager x3  
  146  12:53  Ravager  
  146  12:54  Ravager x6  
  156  13:07  Roach x6  
  156  13:11  Roach  
  170  13:20  Tunneling Claws  
  170  13:35  Roach x2  
  170  13:36  Roach x6  
  186  13:45  Zerg Ground Armor Level 2  
  186  13:50  Spire  
  185  13:58  Roach x4  
  193  14:07  Roach x3  
  199  14:28  Hatchery  
  198  14:35  Roach x3  
  194  14:49  Overseer x3  
  176  14:59  Roach x16  
  146  15:03  Roach  
  146  15:04  Roach  
  121  15:15  Roach x5  
  119  15:25  Roach x4  
  125  15:31  Roach x3  
  118  15:49  Roach  
  102  15:50  Roach  
  102  15:52  Roach  
  102  15:54  Roach x2  
Tags
 
Add a new tag
Caveats
  • Supply blocks, unpowered buildings, or Contaminate may cause inaccurate times.
  • Supply counts are checked every 10 seconds.